 Dungeon Crawl Stone Soup version 0.23-a0-325-gb46b2e5 (webtiles) character file.

481 BingusPrime the Chopper (level 7, -1/60 HPs)
             Began as a Chaoskin Chaos Knight on Oct 29, 2018.
             Slain by a scorpion (4 damage)
             ... on level 4 of the Dungeon.
             The game lasted 00:05:26 (2408 turns).

BingusPrime the Chopper (Chaoskin Chaos Knight)     Turns: 2408, Time: 00:05:28

Health: -1/60      AC:  5    Str: 15    XL:     7   Next: 34%
Magic:  7/7        EV: 13    Int: 13    God:    Xom [...*..]
Gold:   201        SH:  0    Dex: 14    Spells: 6/6 levels left

rFire    . . .     SeeInvis .   a - +0 hand axe (chaos)
rCold    + . .     Gourm    .   (no shield)
rNeg     . . .     Faith    .   b - +2 leather armour
rPois    .         Spirit   .   (no helmet)
rElec    .         Reflect  .   (no cloak)
rCorr    .         Harm     .   (no gloves)
MR       .....                  (no boots)
Stlth    ++........             (no amulet)
HPRegen  0.20/turn              (no ring)
MPRegen  0.10/turn              (no ring)

@: lethally poisoned (-1 -> -13)
A: cold resistance 1, evolution 1
a: Renounce Religion


You were on level 4 of the Dungeon.
You worshipped Xom.
You were a favourite toy of Xom.
You were very hungry.

You visited 1 branch of the dungeon, and saw 4 of its levels.

You collected 201 gold pieces.

Inventory:

Hand Weapons
 a - a +0 hand axe of chaos (weapon)
Armour
 b - a +2 leather armour (worn)
Wands
 l - a wand of random effects (24)
Scrolls
 e - a scroll of amnesia {unknown}
 g - 2 scrolls of identify {unknown}
 h - 2 scrolls of remove curse {unknown}
 i - a scroll of fog {unknown}
 k - 2 scrolls of teleportation {unknown}
 o - a scroll of enchant armour {unknown}
Potions
 d - a potion of lignification {unknown}
 f - 2 potions of mutation {unknown}
 j - 2 potions of might {unknown}
 m - a potion of curing {unknown}
 n - 2 potions of ambrosia {unknown}
Comestibles
 c - 11 rations


   Skills:
 + Level 4.6 Fighting
 + Level 5.8 Axes
 + Level 3.3 Armour
 + Level 2.9 Dodging
 + Level 3.3 Stealth


You had 6 spell levels left.
You didn't know any spells.
Your spell library contained the following spells:

 Spells                   Type           Power        Failure   Level  Hunger
 Animate Skeleton         Necr           N/A          36%         1    ##.....
 Pain                     Necr           #...         36%         1    ##.....
 Regeneration             Chrm/Necr      #.........   75%         3    ####...
 Vampiric Draining        Necr           #.........   75%         3    ####...
 Animate Dead             Necr           N/A          98%         4    #####..


Dungeon Overview and Level Annotations

Branches:
Dungeon (4/15)
 Temple: D:4-7

Altars:
Makhleb


Innate Abilities, Weirdness & Mutations

You are occasionally noticed by Xom.
You evolve.
Your flesh is cold resistant. (rC+)


Message History

You are more poisoned.
The scorpion poisons you!
You are too injured to fight recklessly!
You are too injured to fight recklessly!
You are too injured to fight recklessly!
Unknown command.
You are too injured to fight recklessly!
You hit the scorpion but do no damage.
The scorpion is moderately wounded.
You hit the ogre. You burn the ogre.
You feel sick. The ogre barely misses you. The scorpion misses you.
You closely miss the scorpion.
The scorpion is moderately wounded.
You barely miss the ogre.
You are feeling very hungry.
You feel sick. The ogre hits you with a giant club!
* * * LOW HITPOINT WARNING * * *
The scorpion stings you.
You die...
Xom laughs nastily!

#### #.##.......
........#.#....#
.$...#..#.#....#
......?.#.#....#
....#..#.#....#
....$#.#...?#
########..#O#s...#
..[....<....@l.#
####.....(..$..#
+..(........#
#...........#
#........####
###...#..#
#.#....# #...#..#
#.#....#


You could see an ogre, a scorpion and an iguana.

Vanquished Creatures
  Sigmund (D:2)
  A phantom (D:4)
  2 orc priests (D:3)
  An orc wizard (D:3)
  Robin (D:2)
  6 adders
  4 worms
  A dart slug (D:3)
  5 leopard geckos
  6 orcs (D:3)
  2 giant cockroaches
  8 goblins
  7 hobgoblins
  2 jackals (D:2)
  A quokka (D:2)
  A ball python (D:3)
  5 bats
  3 frilled lizards
  5 kobolds
  3 rats
65 creatures vanquished.

Vanquished Creatures (collateral kills)
  An adder (D:3)
  A frilled lizard (D:3)
2 creatures vanquished.

Grand Total: 67 creatures vanquished

Notes
Turn   | Place    | Note
-------+----------+-------------------------------------------
     0 | D:1      | BingusPrime the Chaoskin Chaos Knight began the quest for
                  | the Orb.
     0 | D:1      | Reached XP level 1. HP: 19/19 MP: 1/1
    56 | D:1      | XOM: 1-stop teleportation journey
   114 | D:1      | Reached XP level 2. HP: 26/26 MP: 2/2
   409 | D:1      | XOM: harmless Ice miscast
   484 | D:2      | XOM: cast spell 'Chain of Chaos'
   497 | D:2      | Gained mutation: You evolve. [Chaoskin growth]
   497 | D:2      | Reached XP level 3. HP: 33/33 MP: 3/3
   563 | D:2      | Reached skill level 4 in Axes
   630 | D:2      | Found a burning altar of Makhleb.
   640 | D:2      | Reached XP level 4. HP: 12/40 MP: 4/4
   755 | D:2      | XOM: god gift: 37 gold pieces
   903 | D:2      | Noticed Sigmund
   916 | D:2      | XOM: potion effect (agility)
   923 | D:2      | Killed Sigmund
   923 | D:2      | Reached skill level 5 in Axes
   923 | D:2      | Reached XP level 5. HP: 36/47 MP: 5/5
   923 | D:2      | Reached XP level 6. HP: 41/53 MP: 6/6
   985 | D:2      | Noticed Robin
   991 | D:2      | XOM: summons 2 friendly demons
   996 | D:2      | Killed Robin
  1135 | D:2      | XOM: god gift: 46 gold pieces
  1356 | D:2      | XOM: god gift: paperback book {god gift}
  1473 | D:3      | Noticed an ogre
  1481 | D:3      | XOM: smoke on damage
  1485 | D:3      | XOM: summons 2 friendly demons
  1493 | D:3      | Gained mutation: Your flesh is cold resistant. (rC+)
                  | [evolution]
  1690 | D:3      | Reached XP level 7. HP: 34/60 MP: 7/7
  1690 | D:3      | XOM: chaos upgrade
  1893 | D:3      | XOM: cloud trail
  2408 | D:4      | HP: 3/60 [ogre/giant club (17)]
  2408 | D:4      | Slain by a scorpion

Vault maps used:
D:1:      scummos_arrival_star, minmay_misc_feat_tiny
D:2:      old_standard_altar, first_ration, uniq_robin, uniq_sigmund
D:4:      minmay_misc_feat_pillars

Skill      XL: |  1  2  3  4  5  6 |
---------------+-------------------+-----
Axes           | 4 5 |  5.8
Fighting       | 4 |  4.6
Armour         | 3 |  3.3
Dodging        | 2 |  2.9
Stealth        | 2 3 |  3.3

Action                   |  1- 3 |  4- 6 |  7- 9 || total
-------------------------+-------+-------+-------++-------
Melee: Hand axe          |    85 |    82 |    56 ||   223
 Stab: Sleeping          |     1 |     1 |     1 ||     3
       Petrifying        |     1 |       |     1 ||     2
       Confused          |     3 |     3 |       ||     6
       Paralysed         |       |     4 |       ||     4
  Eat: Chunk             |       |     1 |     3 ||     4
Armor: Leather armour    |    30 |    26 |     9 ||    65
Dodge: Dodged            |    57 |    50 |    32 ||   139

Table legend:
 A = Non-vault XP
 B = Vault XP
 C = Vault XP percentage of total XP
 D = Non-vault monster count
 E = Vault monster count
 F = Vault count percentage of total count
                 A         B        C        D         E       F
            +---------+---------+-------+---------+---------+-------
      Total |     427 |     261 |  37.9 |      57 |      10 |  14.9
            +---------+---------+-------+---------+---------+-------
        D:1 |      18 |       0 |   0.0 |      11 |       0 |   0.0
        D:2 |      97 |     261 |  72.9 |      22 |      10 |  31.2
        D:3 |     187 |       0 |   0.0 |      22 |       0 |   0.0
        D:4 |     125 |       0 |   0.0 |       2 |       0 |   0.0
            +---------+---------+-------+---------+---------+-------
